 Dungeon Crawl Stone Soup version 0.26-a0-682-g294304f6e8 (webtiles) character file.

Game seed: 5544954002654523302

4225 karrick the Basher (level 10, -1/59 HPs)
             Began as a Gargoyle Gladiator on Oct 21, 2020.
             Was an Elder of Okawaru.
             Slain by a troll (13 damage)
             ... on level 9 of the Dungeon.
             The game lasted 00:14:07 (6385 turns).

karrick the Basher (Gargoyle Gladiator)             Turns: 6385, Time: 00:14:07

Health: -1/59      AC: 13    Str: 22    XL:     10   Next: 30%
Magic:  11/11      EV: 12    Int: 13    God:    Okawaru [****..]
Gold:   584        SH:  4    Dex: 14    Spells: 9/9 levels left

rFire    . . .     SeeInvis .   x - +5 mace of Change {vorpal, rC+ Dex+3}
rCold    + + +     Faith    .   K - +0 buckler
rNeg     + . .     Spirit   .   w - +1 robe of Opat {MR+ Regen+}
rPois    ∞         Reflect  .   c - +0 helmet
rElec    +         Harm     .   (no cloak)
rCorr    .         Rampage  .   I - +0 pair of gloves
MR       ++...                  (no boots)
Stlth    +++++.....             (no amulet)
HPRegen  0.59/turn              z - ring "Upehusad" {rC+ MR+ Str+2 Int+3 Stlth+}
MPRegen  0.12/turn              f - ring of protection from cold

@: no status effects
A: negative energy resistance 1, electricity resistance, unbreathing,
petrification resistance, rot immunity, AC +7
a: Heroism, Renounce Religion


You were on level 9 of the Dungeon.
You worshipped Okawaru.
Okawaru was greatly pleased with you.
You visited 2 branches of the dungeon, and saw 10 of its levels.

You collected 723 gold pieces.
You spent 139 gold pieces at shops.

Inventory:

Hand Weapons
 a - a +0 rapier
 k - a +1 dagger of venom
 n - a +2 dagger of holy wrath
 t - a +4 dagger
 x - the +5 mace of Change (weapon) {vorpal, rC+ Dex+3}
   (You found it on level 4 of the Dungeon)

   It inflicts extra damage upon your enemies.
   It affects your dexterity (+3).
   It protects you from cold.
 P - the +10 dark maul {vorpal}
   (You took it off an orc on level 9 of the Dungeon)

   It inflicts extra damage upon your enemies.
 Q - a cursed +3 morningstar
Missiles
 d - 3 throwing nets (quivered)
Armour
 c - a +0 helmet (worn)
 w - the +1 robe of Opat (worn) {MR+ Regen+}
   (You found it on level 4 of the Dungeon)

   It affects your resistance to hostile enchantments.
   It increases your rate of regeneration.
 F - a +2 leather armour of poison resistance
 I - a +0 pair of gloves (worn)
 K - a +0 buckler (worn)
 R - a +0 troll leather armour
Jewellery
 f - a ring of protection from cold (right hand)
 y - an uncursed ring of poison resistance
 z - the ring "Upehusad" (left hand) {rC+ MR+ Str+2 Int+3 Stlth+}
   (You found it on level 4 of the Dungeon)

   [ring of protection from cold]

   It affects your strength (+2).
   It affects your intelligence (+3).
   It protects you from cold.
   It affects your resistance to hostile enchantments.
   It makes you more stealthy.
 E - an uncursed ring of resist corrosion
 G - an uncursed ring of wizardry
 O - an uncursed amulet of guardian spirit {unknown}
Wands
 B - a wand of polymorph (9)
 M - a wand of random effects (15)
Scrolls
 e - a scroll of enchant weapon {unknown}
 h - 4 scrolls of remove curse
 i - 7 scrolls of teleportation
 j - 2 scrolls of blinking {unknown}
 l - a scroll of amnesia {unknown}
 o - 6 scrolls of identify {unknown}
 r - a scroll of noise {unknown}
 u - a scroll of fog {unknown}
 v - 2 scrolls of random uselessness {unknown}
 A - a scroll of magic mapping {unknown}
 L - a scroll of enchant armour
Potions
 g - a potion of lignification
 m - a potion of flight {unknown}
 p - 5 potions of stabbing {unknown}
 q - 3 potions of brilliance
 s - 2 potions of invisibility {unknown}
 C - a potion of might {unknown}
 D - 2 potions of curing {unknown}
 H - 3 potions of mutation {unknown}
 J - a potion of berserk rage {unknown}
 N - a potion of cancellation {unknown}


   Skills:
 + Level 5.3 Fighting
 + Level 4.8 Short Blades
 + Level 9.5 Maces & Flails
 + Level 1.9 Throwing
 * Level 5.8 Armour
 - Level 2.4 Dodging
 * Level 8.0 Stealth
 + Level 1.0 Shields
 + Level 1.9 Invocations


You had 9 spell levels left.
You didn't know any spells.
Your spell library contained the following spells:

 Spells                   Type           Power        Failure   Level
 Animate Skeleton         Necr           #.....       41%         1
 Apportation              Tloc           #.....       41%         1
 Beastly Appendage        Tmut           #.....       41%         1
 Corona                   Hex            #......      41%         1
 Pain                     Necr           #...         41%         1
 Summon Small Mammal      Summ           #...         41%         1
 Wereblood                Tmut           #.......     56%         2
 Spider Form              Tmut/Pois      #.........   80%         3
 Vampiric Draining        Necr           #.........   80%         3
 Animate Dead             Necr           #.........   99%         4
 Ice Form                 Ice/Tmut       #.......     99%         4
 Agony                    Necr           #.......     100%        5
 Blade Hands              Tmut           #.........   100%        5


Dungeon Overview and Level Annotations

Branches:
Dungeon (9/15)             Temple (1/1) D:5            Lair (0/6) D:8
    Orc: D:9-12

Altars:
Ashenzari
Cheibriados
Dithmenos
Elyvilon
Fedhas
Gozag
Hepliaklqana
Kikubaaqudgha
Makhleb
Nemelex Xobeh
Okawaru
Qazlal
Ru
Sif Muna
Trog
Uskayaw
Vehumet
Wu Jian
Xom
Yredelemnul
Zin
The Shining One

Shops:
D:6 ?   D:7 }   D:8 ==*

Annotations:
D:3 3 runed translucent doors, somkeydreadnuts's ghost, amateur FoFi


Innate Abilities, Weirdness & Mutations

You are resistant to torment.
Your stone body is resilient. (AC +7)
You are immune to poison.
You resist negative energy. (rN+)
You are resistant to electric shocks. (rElec)
You can survive without breathing.
You are immune to petrification.
You are immune to rotting.


Message History

You are too injured to fight recklessly!
You are too injured to fight recklessly!
You are too injured to fight recklessly!
You are too injured to fight recklessly!
You hit the troll.
The troll is severely wounded.
The troll bites you but does no damage. The troll closely misses you. x2
You barely miss the troll.
The troll is severely wounded.
The troll bites you but does no damage. The troll closely misses you.
The troll claws you but does no damage.
You closely miss the troll.
The troll is heavily wounded.
The troll bites you!
* * * LOW HITPOINT WARNING * * *
The troll barely misses you. The troll closely misses you.
You barely miss the troll.
The troll is heavily wounded.
The troll bites you!
You die...

###############
#.............. ########
#.............. .......#
#.............. .......#
#..............
.......###......T.......
................@>......
.......# #..............
.......###....).........
........................
.......##$#######.#.####
#########.# .#.# ..# .#
# .... ...# .# ... ....#
.#


You could see a troll.

Vanquished Creatures
  An ugly thing (D:8)
  A troll (D:9)
  A hornet (D:6)
  Sigmund (D:4)
  A wyvern (D:9)
  Eustachio (D:5)
  A sky beast (D:5)
  2 ice beasts
  A black bear (D:6)
  4 ogres
  A centaur (D:9)
  2 big kobolds
  7 bullfrogs
  A gnoll sergeant (D:8)
  A wyvern skeleton (D:6)
  A water moccasin skeleton (D:7)
  5 wights (D:9)
  3 howler monkeys (D:9)
  A centaur zombie (D:5)
  A bullfrog skeleton (D:4)
  A bullfrog zombie (D:5)
  4 hounds
  A centaur skeleton (D:8)
  3 jellies
  2 orc wizards
  An iguana (D:9)
  Natasha (thrice) (D:4)
  10 worker ants
  A hound zombie (D:6)
  A hound skeleton (D:8)
  2 worker ant zombies
  A howler monkey skeleton (D:4)
  5 gnolls
  13 adders
  3 shadow imps
  2 white imps
  3 ufetubi
  An ooze (D:2)
  3 worms
  A dart slug (D:1)
  7 leopard geckos
  19 orcs
  A giant cockroach (D:1)
  12 hobgoblins
  3 jackals (D:1)
  19 kobolds
  3 quokkas
  2 ball pythons
  4 bats
  4 frilled lizards
  9 goblins
  9 rats
190 creatures vanquished.

Notes
Turn   | Place    | Note
-------+----------+-------------------------------------------
     0 | D:1      | karrick the Gargoyle Gladiator began the quest for the Orb.
     0 | D:1      | Reached XP level 1. HP: 12/12 MP: 1/1
   117 | D:1      | Reached XP level 2. HP: 16/17 MP: 2/2
   203 | D:1      | Reached skill level 1 in Stealth
   310 | D:1      | Reached skill level 1 in Armour
   310 | D:1      | Reached XP level 3. HP: 15/22 MP: 3/3
   881 | D:2      | Reached XP level 4. HP: 20/27 MP: 4/4
  1826 | D:3      | Reached XP level 5. HP: 28/31 MP: 5/5
  2221 | D:3      | Found a runed translucent gate.
  2222 | D:3      | Found a runed translucent gate.
  2222 | D:3      | Found an opulent altar of Gozag.
  2223 | D:3      | Found a runed translucent gate.
  2236 | D:3      | Noticed somkeydreadnuts's ghost (amateur FoFi)
  2626 | D:4      | Got a slimy robe
  2637 | D:4      | Identified the +1 robe of Opat {MR+ Regen+} (You found it
                  | on level 4 of the Dungeon)
  2676 | D:4      | Got an iridescent mace
  2677 | D:4      | Identified the +5 mace of Change {vorpal, rC+ Dex+3} (You
                  | found it on level 4 of the Dungeon)
  2691 | D:4      | Found a stormy altar of Qazlal.
  2720 | D:4      | Noticed Natasha
  2720 | D:4      | Noticed an ogre
  2750 | D:4      | Killed Natasha
  2750 | D:4      | Reached XP level 6. HP: 37/37 MP: 6/6
  2757 | D:4      | Reached skill level 1 in Maces & Flails
  2871 | D:4      | Noticed Natasha
  2881 | D:4      | Killed Natasha
  2895 | D:4      | Noticed Natasha
  2902 | D:4      | Killed Natasha
  2902 | D:4      | Reached skill level 2 in Maces & Flails
  2928 | D:4      | Got a wavering bone ring
  2929 | D:4      | Identified the ring "Upehusad" {rC+ MR+ Str+2 Int+3 Stlth+}
                  | (You found it on level 4 of the Dungeon)
  2941 | D:4      | Noticed Sigmund
  2941 | D:4      | Found a shadowy altar of Dithmenos.
  2945 | D:4      | Killed Sigmund
  2945 | D:4      | Reached XP level 7. HP: 34/41 MP: 7/7
  3123 | D:4      | Found a glowing golden altar of the Shining One.
  3124 | D:4      | Found a snail-covered altar of Cheibriados.
  3248 | D:5      | Entered Level 5 of the Dungeon
  3260 | D:5      | Found an ornate altar of the Wu Jian Council.
  3285 | D:5      | Found a staircase to the Ecumenical Temple.
  3297 | D:5      | Found a sparkling altar of Nemelex Xobeh.
  3313 | Temple   | Entered the Ecumenical Temple
  3511 | Temple   | Became a worshipper of Warmaster Okawaru
  3594 | D:5      | Reached skill level 3 in Maces & Flails
  3694 | D:5      | Noticed Eustachio
  3706 | D:5      | Killed Eustachio
  3706 | D:5      | Reached * piety under Okawaru
  3706 | D:5      | Reached skill level 4 in Maces & Flails
  3706 | D:5      | Reached XP level 8. HP: 47/48 MP: 8/8
  3818 | D:5      | Found a hazy altar of Hepliaklqana.
  3893 | D:5      | Reached skill level 5 in Maces & Flails
  3945 | D:5      | Reached skill level 5 in Stealth
  4172 | D:6      | Reached skill level 6 in Maces & Flails
  4309 | D:6      | Reached ** piety under Okawaru
  4436 | D:6      | Noticed a hornet
  4445 | D:6      | Killed a hornet
  4445 | D:6      | Reached XP level 9. HP: 27/52 MP: 9/9
  4621 | D:6      | Found Xeffith's Magic Scroll Shop.
  4628 | D:6      | Bought a scroll of teleportation for 42 gold pieces
  4702 | D:7      | Reached skill level 7 in Maces & Flails
  4751 | D:7      | Found a shadowy altar of Dithmenos.
  4811 | D:7      | Found Citzanoz's Gadget Boutique.
  4916 | D:7      | Found an opulent altar of Gozag.
  5189 | D:8      | Reached *** piety under Okawaru
  5232 | D:8      | Found Bemuogef's General Store.
  5241 | D:8      | Reached skill level 8 in Maces & Flails
  5253 | D:8      | Bought a scroll of enchant armour for 97 gold pieces
  5372 | D:8      | Found a staircase to the Lair.
  5400 | D:8      | Noticed a green ugly thing
  5412 | D:8      | Killed a green ugly thing
  5412 | D:8      | Reached skill level 5 in Armour
  5491 | D:8      | Found Bifeimp's Jewellery Shoppe.
  5629 | D:8      | Found Ytruineo's Jewellery Shoppe.
  5891 | D:9      | Found a blossoming altar of Fedhas.
  5939 | D:9      | Reached **** piety under Okawaru
  5939 | D:9      | Reached skill level 5 in Fighting
  5939 | D:9      | Reached skill level 9 in Maces & Flails
  5939 | D:9      | Reached XP level 10. HP: 53/59 MP: 10/10
  5948 | D:9      | Reached skill level 1 in Invocations
  6366 | D:9      | Reached skill level 1 in Shields
  6385 | D:9      | Slain by a troll

Illustrated notes

Levels and vault maps discovered:
D:1:      noname_arrival_rooms_in_the_neighbourhood, layout_basic
D:2:      layout_basic
D:3:      kb_forest_paths, layout_basic, ebering_ghost_gozag, grunt_ministairs_9
D:4:      layout_basic, grunt_qazlal_sundering, gammafunk_temple_overflow_pools,
          minivault_25, grunt_dithmenos_smoke, uniq_sigmund, uniq_natasha
D:5:      layout_cave_pools, lemuel_crystal_altar, lemuel_crystal_altar,
          kennysheep_little_box, temple_doors_ab, uniq_eustachio
D:6:      layout_loops_ring, serial_shops, shop
D:7:      layout_basic, serial_shops, nicolae_shop_crystal, basic_altar,
          grunt_gozag_statues
D:8:      layout_loops_ring, lair_entry_dummy, serial_shops, shop,
          nicolae_shop_trees, shop
D:9:      layout_basic, kennysheep_mini_moat
Temple:   regret_index_temple_generic_petals

Skill      XL: |  1  2  3  4  5  6  7  8  9 10 |
---------------+-------------------------------+-----
Stealth        | 1 2 3 4 5 7 8 |  8.0
Short Blades   | 3 4 |  4.8
Armour         | 1 2 3 4 5 |  5.8
Fighting       | 3 4 5 |  5.3
Maces & Flails | 2 4 6 9 |  9.5
Invocations    | 1 |  1.9
Shields        | 1 |  1.0
Throwing       | |  1.9
Dodging        | |  2.4

Action                   |  1- 3 |  4- 6 |  7- 9 | 10-12 || total
-------------------------+-------+-------+-------+-------++-------
Melee: Rapier            |    52 |       |       |       ||    52
       Dagger            |    40 |   150 |       |       ||   190
       Mace              |       |    39 |   267 |   103 ||   409
Invok: Heroism           |       |       |     1 |       ||     1
  Use: Potion            |       |     3 |       |       ||     3
       Scroll            |       |     2 |       |       ||     2
 Stab: Sleeping          |     1 |     5 |    16 |     1 ||    23
       Distracted        |       |       |     1 |       ||     1
Armor: Leather armour    |    28 |    36 |       |       ||    64
       Robe              |       |    16 |   101 |    29 ||   146
       Skin              |       |    10 |       |     1 ||    11
Dodge: Dodged            |    56 |   122 |   140 |    64 ||   382
Block: Buckler           |       |       |    14 |    20 ||    34

Table legend: (Time is in decaauts)
 A = Elapsed time spent in this place.
 B = Non-inter-level travel time spent in this place.
 C = Inter-level travel time spent in this place.
 D = Time resting spent in this place.
 E = Time spent auto-exploring this place.
 F = Levels seen in this place.
 G = Mean time per level.
                   A        B        C        D        E       F      G
               +--------+--------+--------+--------+--------+-----+--------+
         Total |   6371 |   6174 |    197 |     70 |   4675 |  10 |  637.1 |
       Dungeon |   6155 |   5991 |    164 |     70 |   4495 |   9 |  683.9 |
        Temple |    215 |    182 |     33 |      0 |    180 |   1 |  215.0 |
               +--------+--------+--------+--------+--------+-----+--------+

Top non-repeatable levels by time:
     D:3: 939 daAuts
     D:2: 835 daAuts
     D:1: 799 daAuts
     D:8: 656 daAuts
     D:4: 651 daAuts
     D:5: 633 daAuts
     D:6: 613 daAuts
     D:9: 569 daAuts
     D:7: 456 daAuts
  Temple: 215 daAuts
